 Dungeon Crawl Stone Soup version 0.17.0-28-g6e173f8 (webtiles) character file.

1701 M4edhros the Charlatan (level 8, -8/87 HPs)
             Began as a Demigod Artificer on Nov 27, 2015.
             Mangled by Prince Ribbit (15 damage)
             ... on level 5 of the Dungeon.
             The game lasted 00:16:41 (7347 turns).

M4edhros the Charlatan (Demigod Artificer)          Turns: 7347, Time: 00:16:42

Health: -8/87      AC: 17    Str: 19    XL:     8   Next: 44%
Magic:  16/16      EV: 11    Int: 18    God:
Gold:   275        SH:  0    Dex: 20    Spells: 0 memorised, 7 levels left

rFire  . . .     SeeInvis .     r - +0 short sword (curse)
rCold  . . .     Clarity  .     u - +4 scale mail
rNeg   . . .     SustAt   +     (no shield)
rPois  .         Gourm    .     (helmet restricted)
rElec  .         Spirit   .     (no cloak)
rCorr  .         Warding  .     (no gloves)
rMut   .         Stasis   .     (no boots)
MR     .....                    f - amulet of rage
Stlth  ..........               (no ring)
                                l - +6 ring of protection

@: berserking, very slightly contaminated, hasted (expiring), drained, very
quick, not resistant to hostile enchantments, extremely unstealthy
A: antennae 1, agile 1, high mp 1, sustain attributes
a: Evoke Berserk Rage


You were on level 5 of the Dungeon.
You were not hungry.

You visited 1 branch of the dungeon, and saw 6 of its levels.

You collected 275 gold pieces.

Inventory:

Hand Weapons
 a - a +0 short sword
 p - a +0 halberd
 q - a +0 hunting sling
 r - a cursed +0 short sword (weapon)
 t - a +1 flail of draining
 A - a +2 mace of protection
Missiles
 h - 186 stones (quivered)
 j - 57 sling bullets
Armour
 n - a +1 helmet
 u - a +4 scale mail (worn)
Jewellery
 f - an amulet of rage (around neck)
 l - a +6 ring of protection (left hand)
 m - an uncursed amulet of warding
Wands
 d - a wand of enslavement (3)
 o - a wand of digging (8)
 x - a wand of digging (13)
Scrolls
 i - a scroll of fog
 s - 2 scrolls of magic mapping
 y - a scroll of noise
Potions
 g - a potion of curing
Comestibles
 b - 3 bread rations
 c - a royal jelly


   Skills:
 - Level 0.8(0.6) Fighting
 - Level 0.8(0.6) Short Blades
 + Level 5.2(5.0) Slings
 + Level 5.9(5.7) Armour
 - Level 2.5(2.3) Dodging
 - Level 0.8(0.6) Stealth
 + Level 6.4(6.2) Evocations


You had 7 spell levels left.
You didn't know any spells.

Dungeon Overview and Level Annotations

Branches:
Dungeon (6/15)             Temple (0/1) D:5

Annotations:
D:5 Prince Ribbit


Innate Abilities, Weirdness & Mutations

You have an increased reservoir of magic (+10% MP).
Your attributes are resistant to harm.
You have a pair of small antennae on your head.
You are agile. (Dex +2)


Message History

You hit Prince Ribbit.
Prince Ribbit is moderately wounded.
Prince Ribbit hits you but does no damage.
You hit Prince Ribbit.
Prince Ribbit is moderately wounded.
Your extra speed is starting to run out.
Prince Ribbit hits you!
* * * LOW HITPOINT WARNING * * *
You fail to use your ability.
The orc priest shouts!
Prince Ribbit hits you but does no damage.
The orc priest mumbles some strange prayers to Beogh against you.
You struggle to resist.
A red film seems to cover your vision as you go berserk!
You feel yourself moving faster!
You feel mighty! Prince Ribbit closely misses you.
Prince Ribbit momentarily phases out as your attack passes through him.
Prince Ribbit is moderately wounded.
Prince Ribbit hits you!
You die...

#......###....##### #..........
##............#...# #..........
#.........[..#..o####..........
#........>)..'.................
#........#.[o####.#####.(....<.
######..........#.#.(((........
#.#........#.#)###........
#.#.##..F..#.#.# #........
#####.#.##...@.#.#.# #........
#...#.#..........#.# #........
#...#.####..#..#.#.# #........
#...#.#<....##.#.#.# #........
#...#.#####......#.# #........
#...#..........#.#.###........
#...#.#####.#####............#
#...#############............#
#...##........................


You could see Prince Ribbit and an orc priest.

Vanquished Creatures
  Grinder (D:6)
  Sigmund (D:5)
  The ghost of coffecat the Covert, an amateur SpAs of Cheibriados (D:5)
  Duvessa (D:5)
  5 centaurs
  A giant frog (D:6)
  2 scorpions
  A hound (D:6)
  An orc wizard (D:3)
  2 giant frog skeletons
  2 orc priests
  A jelly (D:4)
  2 worker ants
  An iguana (D:6)
  Robin (D:4)
  4 adders
  8 gnolls
  3 worms
  4 giant geckos
  16 orcs
  9 bats
  6 giant cockroaches
  19 goblins
  7 hobgoblins
  12 jackals
  A giant cockroach zombie (D:5)
  8 giant newts
  6 kobolds
  2 quokkas
  9 rats
137 creatures vanquished.

Vanquished Creatures (collateral kills)
  Dowan (D:5)
  An orc (D:5)
  A giant gecko skeleton (D:5)
3 creatures vanquished.

Vanquished Creatures (others)
  A water moccasin (D:5)
  A giant frog (D:6)
  An orc priest (D:5)
  An orc wizard (D:5)
  A gnoll (D:4)
5 creatures vanquished.

Grand Total: 145 creatures vanquished

Notes
Turn   | Place    | Note
--------------------------------------------------------------
     0 | D:1      | M4edhros the Demigod Artificer began the quest for the Orb.
     0 | D:1      | Reached XP level 1. HP: 15/15 MP: 5/5
    99 | D:1      | Reached XP level 2. HP: 1/22 MP: 6/6
   322 | D:1      | Reached skill level 3 in Evocations
   693 | D:1      | Reached skill level 1 in Armour
  1252 | D:2      | Reached XP level 3. HP: 23/27 MP: 7/7
  2122 | D:3      | Reached XP level 4. HP: 22/34 MP: 9/9
  2304 | D:3      | Reached skill level 1 in Slings
  2586 | D:3      | Gained mutation: You have a pair of small antennae on your head. [potion of mutation]
  2586 | D:3      | Gained mutation: You are agile. (Dex +2) [potion of mutation]
  2586 | D:3      | Gained mutation: Your muscles are strong. (Str +2) [potion of mutation]
  2782 | D:3      | Noticed a centaur
  2802 | D:3      | Killed a centaur
  2802 | D:3      | Reached skill level 4 in Evocations
  2802 | D:3      | Reached XP level 5. HP: 24/39 MP: 10/10
  3522 | D:4      | Noticed Robin
  3554 | D:4      | Killed Robin
  3597 | D:4      | Gained mutation: You have sharp fingernails. [potion of mutation]
  3597 | D:4      | Gained mutation: Your body sometimes deteriorates upon taking damage. [potion of mutation]
  3597 | D:4      | Gained mutation: You are resistant to hostile enchantments. [potion of mutation]
  3609 | D:4      | Reached XP level 6. HP: 46/46 MP: 10/12
  4096 | D:4      | Found a glowing silver altar of Zin.
  4246 | D:5      | Entered Level 5 of the Dungeon
  4270 | D:5      | Noticed coffecat's ghost (amateur SpAs)
  4276 | D:5      | Noticed Duvessa
  4288 | D:5      | Found a bloodstained altar of Trog.
  4319 | D:5      | Noticed Dowan
  4320 | D:5      | Killed Duvessa
  4330 | D:5      | Killed Dowan
  4378 | D:5      | Noticed Sigmund
  4389 | D:5      | Killed coffecat's ghost
  4389 | D:5      | Reached XP level 7. HP: 23/51 MP: 13/13
  4515 | D:5      | Killed Sigmund
  4515 | D:5      | Reached skill level 5 in Evocations
  4972 | D:5      | Found a staircase to the Ecumenical Temple.
  5409 | D:6      | Noticed Grinder
  5445 | D:6      | Killed Grinder
  5445 | D:6      | Reached skill level 5 in Armour
  5445 | D:6      | Reached XP level 8. HP: 36/58 MP: 15/15
  5854 | D:5      | Reached skill level 6 in Evocations
  5928 | D:6      | Noticed Prince Ribbit
  6299 | D:6      | Lost mutation: Your muscles are strong. (Str +2) [potion of cure mutation]
  6299 | D:6      | Lost mutation: Your body sometimes deteriorates upon taking damage. [potion of cure mutation]
  6299 | D:6      | Lost mutation: You have sharp fingernails. [potion of cure mutation]
  6299 | D:6      | Lost mutation: You are resistant to hostile enchantments. [potion of cure mutation]
  6591 | D:6      | Reached skill level 5 in Slings
  7347 | D:5      | Mangled by Prince Ribbit

Action                   |  1- 3 |  4- 6 |  7- 9 || total
-------------------------+-------+-------+-------++-------
Melee: Short sword       |   215 |   331 |   408 ||   954
 Abil: Evoke Berserk Rag |       |     1 |     3 ||     4
Evoke: Wand              |    12 |    13 |    19 ||    44
  Use: Scroll            |     3 |     3 |     4 ||    10
       Potion            |     1 |     9 |    10 ||    20
 Stab: Sleeping          |     1 |       |       ||     1
       Paralysed         |       |       |     5 ||     5
  Eat: Chunk             |     4 |     3 |     9 ||    16
       Bread ration      |       |     1 |       ||     1
       Meat ration       |       |       |     1 ||     1
